 Dungeon Crawl Stone Soup version 0.31-a0-1540-g5a0b83f448 (webtiles) character file.

Game seed: 1839270639070821301

49 Curundu the Trooper (level 3, -2/34 HPs)
             Began as a Minotaur Berserker on Jan 1, 2024.
             Was a Believer of Trog.
             Slain by an orc
             ... wielding a +0 flail
              (4 damage)
             ... on level 3 of the Dungeon.
             The game lasted 00:03:54 (1651 turns).

Curundu the Trooper (Minotaur Berserker)            Turns: 1651, Time: 00:03:55

Health: -2/34      AC:  6    Str: 23    XL:     3   Next: 51%
Magic:  2/2        EV: 10    Int:  4    God:    Trog [**....]
Gold:   107        SH:  0    Dex:  9    Spells: 2/2 levels left

rFire   . . .        a - +0 falchion
rCold   . . .        (no shield)
rNeg    . . .        h - +0 scale mail
rPois   .            (helmet restricted)
rElec   .            (no cloak)
rCorr   .            (no gloves)
SInv    .            (no boots)
Will    .....        (no amulet) Stlth
                     (no ring)
HPRegen 0.25/turn    (no ring)
MPRegen 0.08/turn

%: no passive effects
@: no status effects
A: horns 2, retaliatory headbutt
a: Renounce Religion, Berserk, Trog's Hand


You were on level 3 of the Dungeon.
You worshipped Trog.
Trog was pleased with you.
You visited 1 branch of the dungeon, and saw 3 of its levels.

You collected 107 gold pieces.

Inventory:

Hand Weapons
 a - a +0 falchion (weapon)
Missiles
 k - 3 atropa-tipped darts
 l - 2 javelins
Armour
 h - a +0 scale mail (worn)
Scrolls
 b - 2 scrolls of identify {unknown}
 d - 2 scrolls of revelation {unknown}
 e - a scroll of immolation {unknown}
 f - a scroll of noise {unknown}
 j - a scroll of fog {unknown}
Potions
 c - a potion of curing {unknown}
 g - 2 potions of haste {unknown}
 i - a potion of enlightenment {unknown}


   Skills:
 + Level 4.4 Fighting
 + Level 4.2 Long Blades
 + Level 2.9 Armour
 + Level 2.6 Dodging


You had 2 spell levels left.
You didn't know any spells.
Your spell library was empty.

Dungeon Overview and Level Annotations

Branches:
Dungeon (3/15)

Altars:


Innate Abilities, Weirdness & Mutations

You have a pair of horns on your head.
You reflexively headbutt those who attack you in melee.


Message History

You kill the orc!
Trog accepts your kill.
You hit the orc.
The orc is moderately wounded.
The orc hits you with a +0 whip.
* * * LOW HITPOINT WARNING * * *
You hit the orc.
The orc is moderately wounded.
The orc hits you with a +0 whip.
* * * LOW HITPOINT WARNING * * *
You hit the orc.
The orc is heavily wounded.
The orc barely misses you.
You barely miss the orc.
The orc is heavily wounded.
The orc barely misses you.
You hit the orc but do no damage. Your headbutt misses the orc.
The orc is heavily wounded.
The orc closely misses you.
You hit the orc.
The orc is almost dead.
The orc barely misses you.
You hit the orc.
You kill the orc!
Trog accepts your kill.
You hit the orc.
The orc is moderately wounded.
The orc hits you but does no damage.
You hit the orc.
The orc is heavily wounded.
The orc closely misses you. The orc hits you with a +0 flail.
* * * LOW HITPOINT WARNING * * *
You hit the orc but do no damage.
The orc is heavily wounded.
The orc hits you with a +0 flail.
* * * LOW HITPOINT WARNING * * *
You hit the orc but do no damage. Your headbutt misses the orc.
The orc is heavily wounded.
The orc hits you with a +0 flail.
You die...

#.##..............#
#.##.##.########.##
#....##.# #.#
#.#####.# #.# ##.##
#.# #.# #...####.#
###.#
#####...#.##.#
#.†.#
.........#...#
#.### #####.###@#
#.# #. #o# #.# #.
#o# #.# #. #)# #.#
#. #.# #######.#
#<. .......<# ...
######### ..## ###


You could see 2 orcs.

Vanquished Creatures
  An adder (D:2)
  2 dart slugs
  A ribbon worm (D:2)
  2 orcs (D:3)
  2 endoplasms (D:2)
  4 giant cockroaches
  3 goblins
  3 hobgoblins
  A ball python (D:1)
  2 bats
  A frilled lizard (D:1)
  5 kobolds
  3 rats
30 creatures vanquished.

Notes
Turn   | Place    | Note
-------+----------+-------------------------------------------
     0 | D:1      | Curundu the Minotaur Berserker began the quest for the Orb.
     0 | D:1      | Reached XP level 1. HP: 19/19 MP: 0/0
   556 | D:1      | Reached XP level 2. HP: 27/27 MP: 1/1
   915 | D:2      | Reached XP level 3. HP: 23/34 MP: 2/2
  1611 | D:3      | Reached ** piety under Trog
  1650 | D:3      | HP: 1/34 [orc/+0 flail (2)]
  1651 | D:3      | Slain by an orc

Illustrated notes

Levels and vault maps discovered:
D:1:      lordsloth_arrival_two_stooges, layout_loops_ring
D:2:      layout_basic, minmay_misc_feat_square
D:3:      layout_loops_ring, lemuel_blue_sif_altar,
          nicolae_overflow_crystal_walls, nicolae_overflow_two_pavilions,
          hangedman_glass_garden, solitary_fountain, pf_guarded_unrand_delatra

Skill      XL: |  1  2 |
---------------+-------+-----
Fighting       | 4 |  4.4
Long Blades    | 4 |  4.2
Armour         | |  2.9
Dodging        | |  2.6

Action                     || total
---------------------------++-------
  Melee: Falchion          ||    89
         Headbutt          ||     9
 Armour: Animal skin       ||     6
         Scale mail        ||    51
  Dodge: Dodged            ||    44

Table legend: (Time is in decaauts)
 A = Elapsed time spent in this place.
 B = Non-inter-level travel time spent in this place.
 C = Inter-level travel time spent in this place.
 D = Time resting spent in this place.
 E = Time spent auto-exploring this place.
 F = Levels seen in this place.
 G = Mean time per level.
                   A        B        C        D        E       F      G
               +--------+--------+--------+--------+--------+-----+--------+
         Total |   1659 |   1659 |      0 |      0 |   1259 |   3 |  553.0 |
       Dungeon |   1659 |   1659 |      0 |      0 |   1259 |   3 |  553.0 |
               +--------+--------+--------+--------+--------+-----+--------+

Top non-repeatable levels by time:
     D:2: 907 daAuts
     D:1: 680 daAuts
     D:3: 71 daAuts
